Map: Berlingrad LE

Players

KaiZi

  • Race: Protoss Protoss
  • League: Master
  • Spawn Location: 11:00

Pumba - Winner!

  • Race: Protoss Protoss
  • League: Master
  • Spawn Location: 5:00

VOD

Have the link to the VOD?

Description

Time

  • Played on: March 22, 2022, 9:01 p.m.
  • Length: 6:21
Show
View Real Time Build Order
Export as new Build Order

KaiZi Protoss 

Build Orders:  

Get SALT Encoding   

  12  0:00  Probe  
  13  0:12  Probe  
  14  0:17  Pylon  
  14  0:24  Probe  
  15  0:37  Probe (Chrono Boost), Gateway  
  16  0:48  Probe (Chrono Boost), Assimilator  
  17  0:53  Probe (Chrono Boost)  
  18  0:57  Assimilator  
  18  1:03  Probe (Chrono Boost)  
  19  1:10  Gateway  
  19  1:15  Probe (Chrono Boost)  
  20  1:22  Probe (Chrono Boost)  
  21  1:29  Cybernetics Core  
  21  1:32  Probe  
  22  1:38  Pylon  
  22  1:44  Probe  
  23  1:56  Probe  
  24  2:05  Adept x2  
  24  2:06  Warp Gate  
  28  2:13  Pylon  
  28  2:15  Shield Battery  
  28  2:35  Stalker x2  
  32  2:46  Stargate  
  32  3:14  Nexus  
  32  3:25  Probe  
  33  3:33  Void Ray (Chrono Boost)  
  37  3:36  Pylon  
  37  3:37  Probe  
  38  3:46  Gateway  
  38  3:59  Sentry, Stalker  
  38  4:01  Probe  
  47  4:17  Void Ray (Chrono Boost)  
  47  4:25  Probe  
  47  4:27  Stalker  
  47  4:29  Probe  
  51  4:38  Stalker  
  51  4:39  Probe  
  51  4:44  Pylon  
  54  4:53  Stalker  
  54  4:55  Stalker  
  54  4:58  Probe  
  59  5:00  Probe  
  60  5:17  Stalker x2  
  60  5:19  Stalker  
  66  5:33  Pylon  
  60  5:52  Stalker  
  60  5:53  Zealot, Stalker  
  62  6:03  Probe x2  
Show
View Real Time Build Order
Export as new Build Order

Pumba Protoss - Winner!

Build Orders: Phoenix Opening 

Get SALT Encoding   

  12  0:00  Probe  
  13  0:12  Probe  
  14  0:20  Pylon  
  14  0:24  Probe  
  15  0:40  Probe (Chrono Boost)  
  16  0:45  Gateway  
  16  0:47  Assimilator  
  17  0:50  Probe (Chrono Boost)  
  17  0:55  Probe (Chrono Boost)  
  17  1:01  Assimilator  
  18  1:07  Probe (Chrono Boost)  
  19  1:14  Probe (Chrono Boost)  
  19  1:15  Gateway  
  20  1:21  Probe  
  21  1:32  Cybernetics Core  
  21  1:33  Probe  
  22  1:45  Probe, Pylon  
  23  2:04  Probe  
  23  2:07  Pylon  
  24  2:09  Warp Gate, Sentry  
  26  2:16  Stalker  
  26  2:18  Probe  
  29  2:30  Probe  
  29  2:35  Stalker  
  32  2:44  Nexus  
  32  2:50  Stalker  
  34  2:57  Probe  
  35  3:09  Probe, Pylon  
  36  3:15  Twilight Council  
  36  3:30  Probe, Stalker  
  39  3:35  Pylon  
  39  3:45  Forge  
  39  3:52  Phoenix  
  39  3:53  Probe  
  41  3:56  Probe  
  41  4:01  Shield Battery  
  42  4:05  Probe (Chrono Boost)  
  42  4:06  Blink (Chrono Boost)  
  42  4:09  Probe (Chrono Boost)  
  43  4:21  Probe (Chrono Boost)  
  43  4:23  Probe (Chrono Boost)  
  43  4:24  Stalker  
  46  4:25  Sentry  
  46  4:26  Probe (Chrono Boost)  
  46  4:29  Probe (Chrono Boost)  
  50  4:35  Probe  
  51  4:41  Probe  
  51  4:44  Gateway x2  
  52  4:47  Sentry  
  52  4:48  Probe  
  55  4:54  Probe  
  55  4:55  Assimilator  
  55  4:57  Stalker  
  58  5:00  Probe  
  58  5:01  Pylon  
  59  5:12  Probe  
  60  5:14  Probe  
  60  5:20  Pylon  
  61  5:21  Shield Battery  
  61  5:22  Stalker x2  
  65  5:32  Probe  
  65  5:34  Pylon  
  64  5:45  Stalker x2  
  65  5:55  Stalker x2  
  66  6:09  Stalker x2  
Tags
 
Add a new tag
Caveats
  • Supply blocks, unpowered buildings, or Contaminate may cause inaccurate times.
  • Supply counts are checked every 10 seconds.